 Dungeon Crawl Stone Soup version 0.29.1-13-g9f3cf754e1 (webtiles) character file.

Game seed: 14047229139196431909

4785 GeoRichter the Carver (level 10, -7/74 HPs)
             Began as a Gnoll Wanderer on Jan 23, 2023.
             Was a Believer of Cheibriados.
             Mangled by Erica
             ... wielding a +3 scimitar of flaming
              (14 damage)
             ... on level 8 of the Dungeon.
             The game lasted 00:25:33 (11803 turns).

GeoRichter the Carver (Gnoll Wanderer)             Turns: 11803, Time: 00:25:34

Health: -7/74      AC: 11    Str: 11    XL:     10   Next: 47%
Magic:  17/19      EV: 13    Int: 21    God:    Cheibriados [**....]
Gold:   266        SH:  6    Dex: 19    Spells: 17/21 levels left

rFire   . . .      SeeInvis .   a - +1 long sword (vamp) {!w}
rCold   . . .      Faith    .   n - +0 buckler
rNeg    . . .      Spirit   .   e - +0 ring mail
rPois   .          Reflect  .   l - +1 helmet
rElec   .          Harm     .   g - +0 cloak
rCorr   +          Rampage  .   k - +0 pair of gloves
Will    .....                   (no boots)
Stlth   +++.......              (no amulet)
HPRegen 0.22/turn               z - ring of resist corrosion
MPRegen 0.16/turn               (no ring)

@: on berserk cooldown, slowed, invisible, very slow
A: fangs 1, strong nose, distributed training
a: Renounce Religion, Bend Time


You were on level 8 of the Dungeon.
You worshipped Cheibriados.
Cheibriados was pleased with you.
You visited 1 branch of the dungeon, and saw 9 of its levels.
You also visited: Ossuary.

You collected 455 gold pieces.
You spent 189 gold pieces at shops.

Inventory:

Hand Weapons
 a - a +1 vampiric long sword (weapon) {!w}
   (You found it on level 6 of the Dungeon)
 b - a +2 war axe of electrocution
   (You found it on level 7 of the Dungeon)
 A - a +2 dagger of venom
   (You took it off a goblin on level 5 of the Dungeon)
Missiles
 r - 2 javelins (quivered)
Armour
 e - a +0 ring mail (worn)
   (You found it on level 1 of the Dungeon)
 g - a +0 cloak (worn)
 k - a +0 pair of gloves (worn)
   (You found it on level 6 of the Dungeon)
 l - a +1 helmet (worn)
   (You took it off Robin on level 2 of the Dungeon)
 n - a +0 buckler (worn)
   (You found it on level 2 of the Dungeon)
 s - a +1 robe of positive energy
   (You took it off Pikel on level 6 of the Dungeon)
Jewellery
 z - a ring of resist corrosion (left hand)
   (You found it on level 7 of the Dungeon)
Scrolls
 f - 2 scrolls of fear
 j - 3 scrolls of enchant armour
 p - a scroll of amnesia {unknown}
 q - 3 scrolls of noise {!r}
 t - a scroll of fog
 u - a scroll of silence {unknown}
 w - a scroll of summoning {unknown}
 y - a scroll of vulnerability {unknown}
 B - a scroll of magic mapping {unknown}
 K - a scroll of identify {@r1}
 L - a scroll of torment {unknown}
 M - 2 scrolls of immolation {!r}
 N - a scroll of poison {unknown}
Potions
 c - 4 potions of curing {@q1}
 h - 2 potions of berserk rage
 i - a potion of mutation {unknown}
 m - 3 potions of attraction {unknown}
 o - a potion of ambrosia
 v - 2 potions of lignification {unknown}
 x - 2 potions of invisibility
 C - 3 potions of cancellation
 F - a potion of flight {unknown}
 H - a potion of magic {unknown}
 I - a potion of experience {unknown}


   Skills:
 + Level 5.5 Fighting
 + Level 5.5 Short Blades
 + Level 8.6 Long Blades
 + Level 5.5 Axes
 + Level 5.5 Maces & Flails
 + Level 5.5 Polearms
 + Level 5.5 Staves
 + Level 5.5 Ranged Weapons
 + Level 5.5 Throwing
 + Level 5.5 Armour
 + Level 6.1 Dodging
 + Level 6.0 Stealth
 + Level 5.5 Shields
 + Level 5.5 Unarmed Combat
 + Level 6.2 Spellcasting
 + Level 4.5 Conjurations
 + Level 4.5 Hexes
 + Level 4.5 Summonings
 + Level 4.5 Necromancy
 + Level 4.5 Translocations
 + Level 4.5 Transmutations
 + Level 4.5 Fire Magic
 + Level 8.5 Ice Magic
 + Level 4.5 Air Magic
 + Level 4.5 Earth Magic
 + Level 4.5 Poison Magic
 + Level 6.0 Invocations
 + Level 5.5 Evocations


You had 17 spell levels left.
You knew the following spells:

 Your Spells              Type           Power      Damage    Failure   Level
a - Freeze                Ice            100%       1d11      1%          1
b - Ozocubu's Armour      Ice            42%        N/A       2%          3

Your spell library contained the following spells:

 Spells                   Type           Power      Damage    Failure   Level
 Slow                     Hex            100%       N/A       4%          1
 Sublimation of Blood     Necr           25%        N/A       6%          2
 Wereblood                Tmut           25%        N/A       6%          2
 Confusing Touch          Hex            25%        N/A       12%         3
 Vampiric Draining        Necr           25%        2d7       12%         3
 Corpse Rot               Necr/Pois/Air  25%        N/A       38%         4
 Dispel Undead            Necr           25%        3d12      38%         4
 Death Channel            Necr           12%        N/A       99%         6
 Ozocubu's Refrigeration  Ice            21%        4d12      100%        7
 Summon Hydra             Summ           12%        N/A       100%        7


Dungeon Overview and Level Annotations

Branches:
Dungeon (9/15) Zot: 39506  Temple (0/1) D:6            Lair (0/5) D:8
Ossuary (visited)
    Orc: D:9-12

Altars:
Cheibriados
Gozag
Nemelex Xobeh

Shops:
D:6 (?([=   D:8 =

Annotations:
D:7 2 runed translucent doors, vvl's ghost, novice DsFi
D:8 Erica; Maurice


Innate Abilities, Weirdness & Mutations

You have very sharp teeth.
Your uncanny sense of smell can sniff out nearby items.
Your experience applies equally to all skills.


Message History

You slash Erica!
You feel better.
Erica hits you with a +3 scimitar of flaming!
* * * LOW HITPOINT WARNING * * *
Erica burns you.
* * * LOW HITPOINT WARNING * * *
Okay, then.
You strike the helpless Erica from behind!
You slash Erica!
You feel better.
Erica hits you with a +3 scimitar of flaming!
* * * LOW HITPOINT WARNING * * *
Erica burns you.
* * * LOW HITPOINT WARNING * * *
Erica points at you and mumbles some strange words.
You are confused.
You bump into the rock wall.
Erica hits you with a +3 scimitar of flaming!
* * * LOW HITPOINT WARNING * * *
Erica burns you.
* * * LOW HITPOINT WARNING * * *
You feel better. Erica hits you but does no damage. Erica closely misses you.
The flow of time bends around you.
Cheibriados rebukes Erica.
Erica seems to slow down.
Erica barely misses you.
You strike the helpless Erica from behind!
You hit Erica.
You feel better.
You bite Erica.
Erica mumbles some strange words.
Erica flickers and vanishes!
Deactivating autopickup; reactivate with Ctrl-A.
You closely miss something. Something hits you!
* * * LOW HITPOINT WARNING * * *
Something burns you.
* * * LOW HITPOINT WARNING * * *
You hit something.
You feel better.
You hear some strange, mumbled words.
You feel as though you will be slow longer.
You slash something!
You feel better.
Your bite misses something. Something hits you but does no damage.
You barely miss something. Your bite misses something. Something hits you.
* * * LOW HITPOINT WARNING * * *
Something burns you.
* * * LOW HITPOINT WARNING * * *
You hear some strange, mumbled words.
You feel as though you will be slow longer.
You barely miss something.
You hear some strange, mumbled words.
You feel as though you will be slow longer.
Something hits you!
You die...

#.'####'.§#D.§..#######.#.#.#.#.#
.................# #.........#
#.......#.#.....## #.#.#.#.#.#
...............<## #.........#
#...#...#.#......# #.#.#.#.#.#
...##...........## ##..........
...####..##.....## #..#.#.#.#..
#####............# ##...........
#...(......{@####............
#.................###########
#............#.####
######..#.#...# #........#
##.#.#.#.# #.....#.# ###...#.#
..##..#


There were no monsters in sight!

Vanquished Creatures
  A two-headed ogre (D:8)
  Pikel (D:6)
  Psyche (D:8)
  A hornet (D:7)
  A steam dragon (D:8)
  An ice beast (D:6)
  3 black bears (D:7)
  A sky beast (D:7)
  5 ogres
  6 phantoms
  A kobold brigand (D:8)
  Blork the orc (D:6)
  A bullfrog (D:8)
  2 necrophages
  9 scorpions
  A howler monkey (D:4)
  An electric eel (D:6)
  2 human zombies (Ossuary)
  2 jellies
  5 orc priests
  3 hounds
  5 iguanas
  5 orc wizards
  4 mummies
  Robin (D:2)
  3 adders
  3 shadow imps
  3 white imps
  An ufetubus (D:4)
  A worm (D:4)
  2 dart slugs
  36 orcs
  6 endoplasms
  2 giant cockroaches
  21 goblins
  11 hobgoblins
  13 jackals
  6 kobolds
  9 quokkas
  10 ball pythons
  7 bats
  A frilled lizard (D:3)
  2 gnoll zombies (Ossuary)
  2 goblin zombies
  A hobgoblin zombie (Ossuary)
  3 kobold zombies
  6 rats
213 creatures vanquished.

Notes
Turn   | Place    | Note
-------+----------+-------------------------------------------
     0 | D:1      | GeoRichter the Gnoll Wanderer began the quest for the Orb.
     0 | D:1      | GeoRichter set off with the following items: a +2 falchion,
                  | a +0 cloak, a potion of curing {@q1}, a +0 robe; and the
                  | following spell memorised: Freeze; and the following spells
                  | available to memorise: Ozocubu's Armour.
     0 | D:1      | Reached XP level 1. HP: 13/13 MP: 4/4
   231 | D:1      | Found a faded altar of an unknown god.
   235 | D:1      | Reached XP level 2. HP: 19/19 MP: 5/5
   708 | D:1      | Reached XP level 3. HP: 24/25 MP: 7/7
  1329 | D:2      | Reached skill level 1 in Invocations
  1404 | D:2      | Noticed Robin
  1525 | D:2      | Reached skill level 1 in Fighting
  1525 | D:2      | Reached skill level 1 in Short Blades
  1525 | D:2      | Reached skill level 1 in Axes
  1525 | D:2      | Reached skill level 1 in Maces & Flails
  1525 | D:2      | Reached skill level 1 in Polearms
  1525 | D:2      | Reached skill level 1 in Staves
  1525 | D:2      | Reached skill level 1 in Ranged Weapons
  1525 | D:2      | Reached skill level 1 in Throwing
  1525 | D:2      | Reached skill level 1 in Armour
  1525 | D:2      | Reached skill level 1 in Shields
  1525 | D:2      | Reached skill level 1 in Unarmed Combat
  1525 | D:2      | Reached skill level 1 in Evocations
  1693 | D:2      | Killed Robin
  1694 | D:2      | Reached XP level 4. HP: 28/32 MP: 8/8
  2657 | D:3      | Noticed a scorpion
  2668 | D:2      | Killed a scorpion
  2669 | D:2      | Reached skill level 1 in Conjurations
  2669 | D:2      | Reached skill level 1 in Hexes
  2669 | D:2      | Reached skill level 1 in Summonings
  2669 | D:2      | Reached skill level 1 in Necromancy
  2669 | D:2      | Reached skill level 1 in Translocations
  2669 | D:2      | Reached skill level 1 in Transmutations
  2669 | D:2      | Reached skill level 1 in Fire Magic
  2669 | D:2      | Reached skill level 1 in Air Magic
  2669 | D:2      | Reached skill level 1 in Earth Magic
  2669 | D:2      | Reached skill level 1 in Poison Magic
  2669 | D:2      | Reached XP level 5. HP: 36/37 MP: 3/9
  2734 | D:2      | Learned a level 3 spell: Ozocubu's Armour
  3009 | D:3      | Reached XP level 6. HP: 44/44 MP: 6/11
  4275 | D:4      | Reached XP level 7. HP: 51/51 MP: 9/12
  5041 | D:4      | Reached XP level 8. HP: 58/58 MP: 10/14
  5221 | D:5      | Entered Level 5 of the Dungeon
  5906 | D:5      | Found an opulent altar of Gozag.
  5906 | D:5      | Found a snail-covered altar of Cheibriados.
  6238 | D:5      | Became a worshipper of Cheibriados the Contemplative
  6541 | D:6      | Found Fuemull's Magic Scroll Emporium.
  6555 | D:6      | Bought a scroll of identify for 28 gold pieces
  6555 | D:6      | Bought a scroll of identify for 28 gold pieces
  6555 | D:6      | Bought a scroll of identify for 28 gold pieces
  6555 | D:6      | Bought a scroll of blinking for 105 gold pieces
  6627 | D:6      | Noticed Blork the orc
  6647 | D:6      | Noticed Pikel
  6658 | D:6      | Killed Blork the orc
  6659 | D:6      | Reached XP level 9. HP: 56/65 MP: 11/16
  6882 | D:6      | Found Hurav's Antique Armour Emporium.
  6902 | D:6      | Reached skill level 5 in Spellcasting
  7159 | D:6      | Found Ehogaxad's Weapon Emporium.
  7718 | D:6      | Found a staircase to the Ecumenical Temple.
  7741 | D:6      | Reached skill level 5 in Dodging
  7741 | D:6      | Found Nykk's Antique Weapon Shop.
  7761 | D:6      | Reached * piety under Cheibriados
  7869 | D:6      | Killed Pikel
  7870 | D:6      | Reached skill level 5 in Stealth
  8113 | D:6      | Found Huenemo's Jewellery Shop.
  8133 | D:6      | Reached skill level 5 in Invocations
  8851 | D:7      | Found a large runed translucent door.
  8851 | D:7      | Found a large runed translucent door.
  8852 | D:7      | Noticed vvl's ghost (novice DsFi)
  9010 | D:7      | Found a sand-covered staircase.
  9024 | Ossuary  | Entered an ossuary
  9491 | D:7      | Reached ** piety under Cheibriados
  9534 | D:7      | Reached skill level 5 in Fighting
  9534 | D:7      | Reached skill level 5 in Short Blades
  9534 | D:7      | Reached skill level 5 in Axes
  9534 | D:7      | Reached skill level 5 in Maces & Flails
  9534 | D:7      | Reached skill level 5 in Polearms
  9534 | D:7      | Reached skill level 5 in Staves
  9534 | D:7      | Reached skill level 5 in Ranged Weapons
  9534 | D:7      | Reached skill level 5 in Throwing
  9534 | D:7      | Reached skill level 5 in Armour
  9534 | D:7      | Reached skill level 5 in Shields
  9534 | D:7      | Reached skill level 5 in Unarmed Combat
  9534 | D:7      | Reached skill level 5 in Evocations
  9534 | D:7      | Reached XP level 10. HP: 59/74 MP: 18/18
  9630 | D:7      | Paralysed by a hornet for 1 turns
  9635 | D:7      | Paralysed by a hornet for 1 turns
 10498 | D:8      | Noticed Erica
 10500 | D:8      | Noticed Psyche
 10996 | D:8      | Noticed Maurice
 11017 | D:9      | Paralysed by a hornet for 1 turns
 11024 | D:9      | Noticed a deep elf pyromancer
 11024 | D:9      | Paralysed by a hornet for 2 turns
 11348 | D:8      | Killed Psyche
 11370 | D:8      | Noticed a two-headed ogre
 11384 | D:8      | Killed a two-headed ogre
 11491 | D:8      | Found Belux's Jewellery Shoppe.
 11547 | D:8      | Found a sparkling altar of Nemelex Xobeh.
 11561 | D:8      | Found a staircase to the Lair.
 11803 | D:8      | Mangled by Erica

Illustrated notes

Levels and vault maps discovered:
D:1:      dpeg_arrival_subterranean_lakeside_camping, layout_loops_corners,
          ebering_ecumenical_altar_sacrificial, chequers_serial_rivers_micro_b,
          chequers_jeans, serial_bayou_crossing
D:2:      layout_basic, chequers_serial_rivers_micro_b, uniq_robin
D:3:      layout_loops_ring
D:4:      layout_rooms, kennysheep_generic_room_13
D:5:      layout_gridville, chequers_temple_overflow_statue_of_worship,
          minmay_ogre_servants
D:6:      layout_layer_cave, minmay_temple_entry_waves, serial_shops, shop,
          shop, nicolae_shop_waterfront, nicolae_shop_waterfront,
          kennysheep_little_box, grunt_decor_junction, uniq_pikel,
          uniq_blork_the_orc
D:7:      layout_cave_pods, nicolae_ossuary_entry_giza,
          ebering_ghost_disaster_area, small_statue_intersection
D:8:      layout_gridville, mainiacjoe_overflow_brackets, lair_entry_dummy,
          serial_shops, nicolae_shop_statue_plus, serial_glass, glass_columns_a,
          glass_columns_b, glass_columns_b, glass_columns_b, glass_columns_a,
          glass_columns_a, glass_columns_a, glass_columns_b, glass_columns_b,
          glass_columns_a, glass_columns_a, glass_columns_c, glass_columns_c,
          glass_columns_b, uniq_maurice, uniq_psyche, uniq_erica
D:9:      minmay_the_grid_octo_tiled_squarecenter
          [minmay_the_grid_octo_thin_diamonds, minmay_the_grid_octo_pinwheel,
          minmay_the_grid_octo_focus, minmay_the_grid_octo_chip,
          minmay_the_grid_square_5x5_megaprize_crossed,
          minmay_the_grid_square_5x5_tie, minmay_the_grid_square_5x5_longway,
          minmay_the_grid_square_5x5_percent,
          minmay_the_grid_square_5x5_checkered_sparse], layout_basic,
          uniq_erolcha

Skill      XL: |  1  2  3  4  5  6  7  8  9 10 |
---------------+-------------------------------+-----
Invocations    | 1 2 3 4 5 6 |  6.0
Fighting       | 1 2 3 5 |  5.5
Short Blades   | 1 2 3 5 |  5.5
Axes           | 1 2 3 5 |  5.5
Maces & Flails | 1 2 3 5 |  5.5
Polearms       | 1 2 3 5 |  5.5
Staves         | 1 2 3 5 |  5.5
Ranged Weapons | 1 2 3 5 |  5.5
Throwing       | 1 2 3 5 |  5.5
Armour         | 1 2 3 5 |  5.5
Shields        | 1 2 3 5 |  5.5
Unarmed Combat | 1 2 3 5 |  5.5
Evocations     | 1 2 3 5 |  5.5
Spellcasting   | 3 4 5 6 |  6.2
Conjurations   | 1 2 3 4 |  4.5
Hexes          | 1 2 3 4 |  4.5
Summonings     | 1 2 3 4 |  4.5
Necromancy     | 1 2 3 4 |  4.5
Translocations | 1 2 3 4 |  4.5
Transmutations | 1 2 3 4 |  4.5
Fire Magic     | 1 2 3 4 |  4.5
Air Magic      | 1 2 3 4 |  4.5
Earth Magic    | 1 2 3 4 |  4.5
Poison Magic   | 1 2 3 4 |  4.5
Dodging        | 3 4 5 6 |  6.1
Stealth        | 3 4 5 6 |  6.0
Long Blades    | 7 8 |  8.6
Ice Magic      | 8 |  8.5

Action                   |  1- 3 |  4- 6 |  7- 9 | 10-12 || total
-------------------------+-------+-------+-------+-------++-------
Melee: Falchion          |    99 |    72 |    42 |       ||   213
       Bite              |     7 |    12 |    38 |    24 ||    81
       Punch             |     1 |       |       |       ||     1
       Dagger            |       |       |   137 |       ||   137
       Long sword        |       |       |   119 |   151 ||   270
       War axe           |       |       |    44 |       ||    44
Throw: Javelin           |       |     4 |     4 |     1 ||     9
 Cast: Freeze            |       |    69 |    75 |       ||   144
       Ozocubu's Armour  |       |     3 |    11 |     1 ||    15
Invok: Bend Time         |       |       |       |     4 ||     4
Evoke: Wand              |       |       |     6 |       ||     6
  Use: Scroll            |       |     6 |     7 |     4 ||    17
       Potion            |       |     3 |     1 |     7 ||    11
 Stab: Sleeping          |     2 |     5 |    10 |     2 ||    19
       Invisible         |       |       |     6 |     2 ||     8
Armor: Robe              |     4 |    27 |    94 |     4 ||   129
       Ring mail         |    44 |    18 |       |    41 ||   103
Dodge: Dodged            |    57 |    87 |   252 |   101 ||   497
Block: Buckler           |       |    23 |   109 |    51 ||   183
